[ AOE2 MATCH · #482531663 ]
1v1 RMWei vs Teutons
Player's team · LOSS
Rival team · WIN
[ REPLAY ANALYSIS · EXTRACTED FROM THE RECORDED GAME ]
Feudal
29:20
Castle
—
Imperial
—
| APM avg | 49.3 |
| APM peak | 187 |
| eAPM avg | 26.7 |
| Villagers / military | 39 / 5 |
Focus
⚔️ 6.2% · 🌾 93.8%
Militia ×5
Feudal
8:40
Castle
18:13
Imperial
—
| APM avg | 22.8 |
| APM peak | 51 |
| eAPM avg | 14.4 |
| Villagers / military | 78 / 15 |
Focus
⚔️ 14.9% · 🌾 85.1%
Monk ×8 · Scout Cavalry ×4 · Teutonic Knight ×3
Match map
Initial resources + every placement click. Lines = walls · curves = elevation contours. ◆ gold · ⬟ stone · ● berries · ✦ relic · ◌ wall gap
Your base· Open — unwalled flank
STaTS's base· Open — unwalled flank
Smoothed initial terrain · ◌ = detected wall gap · hover for details
Inputs per minute
— Nyxyos - - STaTS
Build order — Nyxyos
61 actions detected in the replay
| 0:24 | Build | House |
| 0:32 | Build | House |
| 1:10 | Create | Villager (Male) |
| 1:12 | Create | Villager (Male) |
| 1:12 | Create | Villager (Male) |
| 2:48 | Create | Villager (Male) |
| 6:04 | Create | Villager (Male) |
| 6:05 | Create | Villager (Male) |
| 6:06 | Create | Villager (Male) |
| 6:12 | Create | Villager (Male) |
| 6:13 | Create | Villager (Male) |
| 6:13 | Create | Villager (Male) |
| 6:17 | Create | Villager (Male) |
| 6:19 | Create | Villager (Male) |
| 9:13 | Build | House |
| 9:28 | Build | Mill |
| 10:31 | Create | Villager (Male) |
| 10:32 | Create | Villager (Male) |
| 10:32 | Create | Villager (Male) |
| 10:32 | Create | Villager (Male) |
| 10:32 | Create | Villager (Male) |
| 10:33 | Create | Villager (Male) |
| 10:43 | Build | House |
| 10:54 | Build | House |
| 11:40 | Create | Villager (Male) |
| 11:40 | Create | Villager (Male) |
| 11:41 | Create | Villager (Male) |
| 11:41 | Create | Villager (Male) |
| 11:41 | Create | Villager (Male) |
| 11:41 | Create | Villager (Male) |
| 11:42 | Create | Villager (Male) |
| 12:28 | Research | Loom |
| 13:41 | Create | Villager (Male) |
| 13:41 | Create | Villager (Male) |
| 13:41 | Create | Villager (Male) |
| 13:41 | Create | Villager (Male) |
| 14:19 | Build | Farm |
| 15:03 | Build | Barracks |
| 15:33 | Create | Militia |
| 15:33 | Create | Militia |
| 15:33 | Create | Militia |
| 18:15 | Create | Villager (Male) |
| 18:16 | Create | Villager (Male) |
| 18:16 | Create | Villager (Male) |
| 18:16 | Create | Villager (Male) |
| 18:31 | Build | Farm |
| 18:36 | Build | Farm |
| 19:54 | Create | Villager (Male) |
| 19:54 | Create | Villager (Male) |
| 19:54 | Create | Villager (Male) |
| 19:55 | Create | Villager (Male) |
| 20:58 | Create | Militia |
| 21:46 | Build | House |
| 22:40 | Create | Villager (Male) |
| 23:09 | Build | Palisade Wall |
| 23:31 | Create | Militia |
| 27:10 | Research | Feudal Age |
| 29:07 | Build | Palisade Wall |
| 29:17 | Build | Palisade Wall |
| 29:20 | Age | Feudal Age |
| 29:46 | Create | Villager (Male) |
Build order — STaTS
First 150 of 194 actions detected
| 0:01 | Create | Villager (Male) |
| 0:01 | Create | Villager (Male) |
| 0:01 | Create | Villager (Male) |
| 0:04 | Build | House |
| 0:07 | Research | Loom |
| 0:10 | Create | Villager (Male) |
| 0:10 | Create | Villager (Male) |
| 0:10 | Create | Villager (Male) |
| 0:24 | Build | Lumber Camp |
| 0:28 | Build | House |
| 0:34 | Create | Villager (Male) |
| 0:34 | Create | Villager (Male) |
| 1:16 | Create | Villager (Male) |
| 1:16 | Create | Villager (Male) |
| 1:42 | Create | Villager (Male) |
| 1:42 | Create | Villager (Male) |
| 2:10 | Create | Villager (Male) |
| 2:11 | Create | Villager (Male) |
| 3:07 | Build | House |
| 3:11 | Create | Villager (Male) |
| 3:11 | Create | Villager (Male) |
| 3:30 | Create | Villager (Male) |
| 3:30 | Create | Villager (Male) |
| 3:40 | Build | Mill |
| 4:08 | Create | Villager (Male) |
| 4:32 | Create | Villager (Male) |
| 4:38 | Build | House |
| 5:16 | Create | Villager (Male) |
| 5:43 | Create | Villager (Male) |
| 6:27 | Research | Feudal Age |
| 6:53 | Build | Mining Camp |
| 8:19 | Create | Villager (Male) |
| 8:19 | Create | Villager (Male) |
| 8:31 | Build | House |
| 8:36 | Build | Barracks |
| 8:40 | Age | Feudal Age |
| 8:41 | Research | Double-Bit Axe |
| 9:04 | Create | Villager (Male) |
| 9:04 | Create | Villager (Male) |
| 9:08 | Build | Farm |
| 10:02 | Build | Stable |
| 10:08 | Build | Farm |
| 10:14 | Build | Farm |
| 10:18 | Create | Villager (Male) |
| 10:27 | Build | House |
| 10:31 | Create | Villager (Male) |
| 10:36 | Build | Farm |
| 10:39 | Build | Farm |
| 10:41 | Create | Villager (Male) |
| 10:55 | Create | Scout Cavalry |
| 10:55 | Create | Scout Cavalry |
| 10:55 | Create | Scout Cavalry |
| 11:13 | Build | Blacksmith |
| 11:18 | Create | Villager (Male) |
| 11:41 | Create | Scout Cavalry |
| 11:49 | Build | Farm |
| 11:51 | Create | Villager (Male) |
| 11:58 | Build | Market |
| 12:08 | Create | Villager (Male) |
| 12:12 | Build | Farm |
| 12:27 | Build | Farm |
| 12:33 | Build | House |
| 12:42 | Create | Villager (Male) |
| 12:46 | Research | Bloodlines |
| 13:02 | Create | Villager (Male) |
| 13:14 | Build | Farm |
| 13:17 | Build | Farm |
| 13:21 | Build | Farm |
| 14:06 | Create | Villager (Male) |
| 14:07 | Create | Villager (Male) |
| 14:10 | Build | Farm |
| 14:12 | Build | Farm |
| 14:13 | Build | Farm |
| 14:13 | Build | Farm |
| 14:13 | Build | Farm |
| 14:13 | Build | Farm |
| 14:13 | Build | Farm |
| 14:17 | Build | Farm |
| 14:38 | Build | Farm |
| 15:33 | Research | Castle Age |
| 16:08 | Research | Horse Collar |
| 16:28 | Build | Mining Camp |
| 16:37 | Research | Gold Mining |
| 16:51 | Build | Lumber Camp |
| 16:55 | Create | Villager (Male) |
| 16:56 | Create | Villager (Male) |
| 18:01 | Research | Stone Mining |
| 18:10 | Build | House |
| 18:13 | Age | Castle Age |
| 18:26 | Build | Town Center |
| 18:29 | Create | Villager (Male) |
| 18:29 | Create | Villager (Male) |
| 19:04 | Research | Bow Saw |
| 19:09 | Create | Villager (Male) |
| 19:26 | Create | Villager (Male) |
| 19:26 | Create | Villager (Male) |
| 19:26 | Create | Villager (Male) |
| 19:37 | Build | Monastery |
| 19:45 | Create | Villager (Male) |
| 19:47 | Create | Villager (Male) |
| 20:11 | Create | Villager (Male) |
| 20:11 | Create | Villager (Male) |
| 20:18 | Build | House |
| 20:21 | Build | Monastery |
| 20:32 | Build | Farm |
| 20:40 | Create | Monk |
| 20:59 | Create | Villager (Male) |
| 21:00 | Create | Villager (Male) |
| 21:03 | Build | Farm |
| 21:07 | Build | Farm |
| 21:10 | Research | Heavy Plow |
| 21:17 | Create | Villager (Male) |
| 21:19 | Create | Villager (Male) |
| 21:21 | Create | Villager (Male) |
| 21:24 | Create | Monk |
| 21:27 | Build | House |
| 21:38 | Create | Monk |
| 22:03 | Create | Villager (Male) |
| 22:06 | Build | Farm |
| 22:10 | Build | Farm |
| 22:15 | Build | House |
| 22:17 | Build | House |
| 22:33 | Research | Sanctity |
| 22:37 | Create | Villager (Male) |
| 22:39 | Create | Villager (Male) |
| 22:45 | Build | Farm |
| 22:45 | Build | Farm |
| 22:45 | Build | Farm |
| 22:45 | Build | Farm |
| 22:46 | Build | Farm |
| 22:46 | Build | Farm |
| 22:46 | Build | Farm |
| 22:48 | Create | Villager (Male) |
| 22:49 | Create | Villager (Male) |
| 22:56 | Build | Town Center |
| 23:01 | Build | Farm |
| 23:03 | Create | Villager (Male) |
| 23:04 | Create | Villager (Male) |
| 23:08 | Create | Monk |
| 23:14 | Build | House |
| 23:21 | Research | Forging |
| 23:24 | Create | Villager (Male) |
| 23:35 | Create | Villager (Male) |
| 23:35 | Create | Villager (Male) |
| 23:37 | Create | Villager (Male) |
| 23:54 | Build | Monastery |
| 23:57 | Create | Monk |
| 24:04 | Create | Villager (Male) |
| 24:04 | Create | Villager (Male) |
| 24:10 | Research | Town Watch |
Match timeline
| 8:36 | STaTS · first_building Barracks |
| 8:40 | STaTS · age_up feudal |
| 10:02 | STaTS · first_building Stable |
| 15:03 | Nyxyos · first_building Barracks |
| 15:29 | STaTS · first_market_buy 100 food |
| 15:30 | STaTS · first_market_sell 100 wood |
| 18:13 | STaTS · age_up castle |
| 19:37 | STaTS · first_building Monastery |
| 23:09 | Nyxyos · wall_segment Palisade Wall x12 |
| 27:54 | STaTS · first_building Castle |
| 29:07 | Nyxyos · wall_segment Palisade Wall x13 |
| 29:17 | Nyxyos · wall_segment Palisade Wall x7 |
| 29:20 | Nyxyos · age_up feudal |
| 30:52 | Nyxyos · resign |
[ AI ANALYSIS · 1 CREDIT ]
What really happened in this match?
Wolo.gg analyzes every decision: build order, eco, micro, common mistakes by bracket. Personalized analysis on WhatsApp or Discord in 30 seconds.
Civ guide
Wei
Map guide
MegaRandom
Perfil
Nyxyos